 Dungeon Crawl Stone Soup version 0.29.1-15-g9cfb28693d (webtiles) character file.

Game seed: 4530887128189730249

11370 Gabide the Covert (level 11, -10/89 HPs)
             Began as a Gnoll Delver on Apr 3, 2023.
             Was a Believer of Dithmenos.
             Mangled by a two-headed ogre
             ... wielding a +0 giant club
              (29 damage)
             ... on level 10 of the Dungeon on Apr 4, 2023.
             The game lasted 00:33:47 (15341 turns).

Gabide the Covert (Gnoll Delver)                   Turns: 15341, Time: 00:33:48

Health: -10/89     AC:  9    Str: 12    XL:     11   Next: 76%
Magic:  21/21      EV: 16    Int: 20    God:    Dithmenos [**....]
Gold:   1063       SH:  0    Dex: 17    Spells: 15/23 levels left

rFire   . . .      SeeInvis .   a - +9 long sword "Himuki" {drain, Int+4}
rCold   . . .      Faith    .   (no shield)
rNeg    . . .      Spirit   .   p - +0 leather armour
rPois   +          Reflect  .   (no helmet)
rElec   .          Harm     .   f - +0 cloak
rCorr   .          Rampage  .   K - +2 pair of gloves
Will    .....                   C - +0 pair of boots
Stlth   ++++++....              M - amulet of regeneration
HPRegen 1.04/turn               h - ring of poison resistance
MPRegen 0.17/turn               y - +6 ring of intelligence

@: wreathed by umbra
A: fangs 1, strong nose, distributed training
a: Renounce Religion, Shadow Step


You were on level 10 of the Dungeon.
You worshipped Dithmenos.
Dithmenos was pleased with you.
You visited 2 branches of the dungeon, and saw 12 of its levels.

You collected 1211 gold pieces.
You spent 148 gold pieces at shops.

Inventory:

Hand Weapons
 a - the +9 long sword "Himuki" (weapon) {drain, Int+4}
   (You found it on level 8 of the Dungeon)

   A truly terrible weapon, it drains the life of any living foe it strikes.
   Int:       It affects your intelligence (+4).
 b - a +1 arbalest
 A - the +8 morningstar "Nizxecae" {vorpal, Will+ Int+3}
   (You took it off an orc on level 5 of the Dungeon)

   It inflicts extra damage upon your enemies.
   Int:       It affects your intelligence (+3).
   Will:      It increases your willpower.
 J - a +0 dagger of electrocution
Missiles
 n - 2 throwing nets
 o - 25 poisoned darts
 B - 4 silver javelins
 I - 2 javelins
Armour
 f - a +0 cloak (worn)
 p - a +0 leather armour (worn)
 C - a +0 pair of boots (worn)
 H - a +1 ring mail of cold resistance
 K - a +2 pair of gloves (worn)
Jewellery
 h - a ring of poison resistance (left hand)
 l - a ring of wizardry
 y - a +6 ring of intelligence (right hand)
 M - an amulet of regeneration (around neck)
Wands
 g - a wand of digging (3)
 m - a wand of roots (5)
 F - a wand of flame (5) (quivered)
 N - a wand of charming (5)
Scrolls
 c - a scroll of fog
 d - 5 scrolls of magic mapping
 t - 2 scrolls of teleportation
 x - a scroll of brand weapon
 D - a scroll of amnesia
 L - a scroll of vulnerability
 O - a scroll of poison
Potions
 e - 2 potions of cancellation
 i - 2 potions of haste
 k - 7 potions of brilliance
 q - a potion of heal wounds
 r - a potion of magic {unknown}
 s - 4 potions of ambrosia
 u - 3 potions of mutation
 v - 3 potions of curing
 w - 3 potions of resistance {unknown}
 z - 2 potions of might
 E - a potion of invisibility {unknown}


   Skills:
 + Level 9.5 Fighting
 + Level 8.3 Short Blades
 + Level 6.8 Long Blades
 + Level 6.8 Axes
 + Level 6.8 Maces & Flails
 + Level 6.8 Polearms
 + Level 6.8 Staves
 + Level 6.8 Ranged Weapons
 + Level 6.8 Throwing
 + Level 6.8 Armour
 + Level 8.3 Dodging
 + Level 11.7 Stealth
 + Level 6.8 Shields
 + Level 6.8 Unarmed Combat
 + Level 6.8 Spellcasting
 + Level 5.6 Conjurations
 + Level 5.6 Hexes
 + Level 5.6 Summonings
 + Level 5.6 Necromancy
 + Level 5.6 Translocations
 + Level 5.6 Transmutations
 + Level 5.6 Fire Magic
 + Level 5.6 Ice Magic
 + Level 5.6 Air Magic
 + Level 5.6 Earth Magic
 + Level 5.6 Poison Magic
 + Level 7.5 Invocations
 + Level 6.8 Evocations


You had 15 spell levels left.
You knew the following spells:

 Your Spells              Type           Power      Damage    Failure   Level
a - Static Discharge      Conj/Air       29%        3-7/arc   1%          2
b - Dazzling Flash        Conj/Hex       58%        N/A       3%          3
c - Swiftness             Air            29%        N/A       3%          3

Your spell library contained the following spells:

 Spells                   Type           Power      Damage    Failure   Level
 Apportation              Tloc           58%        N/A       1%          1
 Beastly Appendage        Tmut           58%        N/A       1%          1
 Shock                    Conj/Air       100%       1d9       1%          1
 Sting                    Tmut/Pois      100%       1d8       1%          1
 Gell's Gravitas          Tloc           29%        N/A       3%          3
 Lesser Beckoning         Tloc           29%        N/A       3%          3
 Teleport Other           Tloc           29%        N/A       3%          3
 Airstrike                Air            14%        2d(3-19)  12%         4
 Dispel Undead            Necr           29%        3d13      12%         4
 Iskenderun's Mystic Bla  Conj/Tloc      29%        2d7       12%         4
 Sticky Flame             Conj/Fire      29%        2d5       12%         4
 Alistair's Intoxication  Tmut/Pois      19%        N/A       32%         5
 Borgnjor's Vile Clutch   Necr/Erth      14%        N/A       32%         5
 Dispersal                Tloc           14%        N/A       87%         6
 Eringya's Noxious Bog    Tmut/Pois      14%        N/A       87%         6
 Starburst                Conj/Fire      14%        6d6       87%         6


Dungeon Overview and Level Annotations

Branches:
Dungeon (11/15)            Temple (1/1) D:6            Lair (0/5) D:9
    Orc (0/2) D:11

Altars:
Ashenzari
Cheibriados
Dithmenos
Elyvilon
Fedhas
Gozag
Hepliaklqana
Kikubaaqudgha
Makhleb
Nemelex Xobeh
Okawaru
Qazlal
Ru
Sif Muna
Trog
Uskayaw
Vehumet
Wu Jian
Xom
Yredelemnul
Zin
The Shining One

Shops:
D:1 *   D:4 *[

Annotations:
D:10 2 runed translucent doors, burchardtist's ghost, novice TrFi


Innate Abilities, Weirdness & Mutations

You have very sharp teeth.
Your uncanny sense of smell can sniff out nearby items.
Your experience applies equally to all skills.


Message History

Burchardtist's ghost turns its malevolent gaze towards you.
You hit the wraith but do no damage. You bite the wraith.
The wraith is heavily damaged.
The wraith barely misses you. x2
You hit the wraith but do no damage.
The wraith is heavily damaged.
The wraith closely misses you.
You hit the wraith.
The wraith is severely damaged.
The wraith hits you. x2; The wraith drains your vigour!
You feel as though you will be slow longer.
You slash the wraith!
You destroy the wraith!
Dithmenos accepts your kill.
No reachable target in view!
You start resting.
HP restored.
You climb downwards.
The two-headed ogre hits you with a +0 giant club! x2
The cyclops shouts!
There is a stone staircase leading up, spattered with blood here.
The two-headed ogre hits you with a +0 giant club!!
The two-headed ogre misses you.
You climb upwards.
Level annotation: 2 runed translucent doors, burchardtist's ghost, novice TrFi
There is a stone staircase leading down, spattered with blood here.
The two-headed ogre attacks as you move away!
The two-headed ogre hits you with a +0 giant club!
* * * LOW HITPOINT WARNING * * *
The two-headed ogre hits you with a +0 giant club!
* * * LOW HITPOINT WARNING * * *
You feel yourself speed up.
Okay, then.
Aiming: Fastroot
Press: ? - help, Shift-Dir - straight line The roots erupt in riotous growth!
Roots grab the two-headed ogre.
The grasping roots constrict the two-headed ogre.
The two-headed ogre hits you with a +0 giant club!!
You die...

....#.......).............##....#
....#.....................##....#
....#########..........)..##....#
............#.............##.....
............################.....
...........................+.....
...........................#.....
.................O.........#.....
................@##>.......#.....
...........................#.....
...........................#.....
...........................#####.
.................................
...............#+##...##+#...###.
............####VV#...#.R#...# #.
....#########.#.♣.#.⌠.#♣☼##..# #.
....#.........#...#...#...#..###.


You could see a two-headed ogre (rooted) and 2 vampires.

Vanquished Creatures
  A hydra (D:10)
  A two-headed ogre (D:10)
  Lodul (D:11)
  A cyclops (D:9)
  An unseen horror (D:10)
  2 kobold demonologists
  A komodo dragon (D:11)
  A hornet (D:7)
  A troll (D:9)
  18 yaks
  A wraith (D:10)
  A shadow (D:10)
  A vampire (D:10)
  A steam dragon (D:6)
  Menkaure (D:5)
  3 water moccasins
  2 orc warriors
  A sky beast (D:7)
  An ice beast (D:7)
  2 black bears
  6 centaurs
  8 ogres
  A kobold brigand (D:9)
  A phantom (D:5)
  A gnoll sergeant (D:9)
  A bullfrog (D:7)
  3 necrophages
  4 scorpions
  A wight (D:8)
  4 killer bees (D:9)
  3 electric eels (D:8)
  3 howler monkeys
  5 orc priests
  5 hounds
  6 gnoll boudas
  2 jellies
  Jessica (D:2)
  2 iguanas
  5 orc wizards
  37 gnolls
  13 adders
  2 shadow imps
  3 white imps
  An ufetubus (D:7)
  A dart slug (D:1)
  24 orcs
  7 bats
  9 endoplasms
  2 giant cockroaches
  6 goblins
  5 hobgoblins
  2 jackals (D:2)
  5 quokkas
  7 ball pythons
  2 frilled lizards
  13 kobolds
  11 rats
254 creatures vanquished.

Vanquished Creatures (others)
  A gnoll (D:10)
1 creature vanquished.

Grand Total: 255 creatures vanquished

Notes
Turn   | Place    | Note
-------+----------+-------------------------------------------
     0 | D:5      | Reached skill level 9 in Stealth
     0 | D:5      | Gabide the Gnoll Delver began the quest for the Orb.
     0 | D:5      | Reached XP level 1. HP: 23/23 MP: 1/1
     4 | D:5      | Found a hide-covered altar of Uskayaw.
     4 | D:5      | Found an ornate altar of the Wu Jian Council.
     8 | D:5      | Found a glowing silver altar of Zin.
    10 | D:5      | Found an iron altar of Okawaru.
    22 | D:5      | Noticed a howler monkey
    51 | D:4      | Noticed a hound
    84 | D:4      | Noticed a scorpion
    92 | D:4      | Killed a scorpion
    93 | D:4      | Reached skill level 1 in Long Blades
    93 | D:4      | Reached skill level 1 in Axes
    93 | D:4      | Reached skill level 1 in Maces & Flails
    93 | D:4      | Reached skill level 1 in Polearms
    93 | D:4      | Reached skill level 1 in Staves
    93 | D:4      | Reached skill level 1 in Ranged Weapons
    93 | D:4      | Reached skill level 1 in Throwing
    93 | D:4      | Reached skill level 1 in Armour
    93 | D:4      | Reached skill level 1 in Shields
    93 | D:4      | Reached skill level 1 in Unarmed Combat
    93 | D:4      | Reached skill level 1 in Spellcasting
    93 | D:4      | Reached skill level 1 in Invocations
    93 | D:4      | Reached skill level 1 in Evocations
    93 | D:4      | Reached XP level 2. HP: 23/29 MP: 1/3
    93 | D:4      | Reached XP level 3. HP: 28/35 MP: 1/4
    93 | D:4      | Reached XP level 4. HP: 33/41 MP: 1/5
   112 | D:4      | Reached skill level 1 in Conjurations
   112 | D:4      | Reached skill level 1 in Hexes
   112 | D:4      | Reached skill level 1 in Summonings
   112 | D:4      | Reached skill level 1 in Necromancy
   112 | D:4      | Reached skill level 1 in Translocations
   112 | D:4      | Reached skill level 1 in Transmutations
   112 | D:4      | Reached skill level 1 in Fire Magic
   112 | D:4      | Reached skill level 1 in Ice Magic
   112 | D:4      | Reached skill level 1 in Air Magic
   112 | D:4      | Reached skill level 1 in Earth Magic
   112 | D:4      | Reached skill level 1 in Poison Magic
   172 | D:4      | Found Ymmofe's Serpentskin Sales.
   172 | D:4      | Noticed a water moccasin
   175 | D:4      | Killed a water moccasin
   176 | D:4      | Reached XP level 5. HP: 47/47 MP: 5/7
   216 | D:4      | Noticed a black bear
   221 | D:4      | Killed a black bear
   222 | D:4      | Reached skill level 5 in Short Blades
   222 | D:4      | Reached skill level 5 in Dodging
   222 | D:4      | Reached XP level 6. HP: 53/53 MP: 7/9
   456 | D:4      | Found an opulent altar of Gozag.
   842 | D:4      | Reached XP level 7. HP: 30/60 MP: 10/10
  1401 | D:4      | Found Mengotr Wiad's Antique Armour Boutique.
  1641 | D:3      | Found a faded altar of an unknown god.
  2573 | D:2      | Noticed Jessica
  2592 | D:2      | Killed Jessica
  2593 | D:2      | Reached skill level 10 in Stealth
  2786 | D:2      | Got Jessica's Volume of the Jaunt
  2809 | D:2      | Found a radiant altar of Vehumet.
  3354 | D:1      | Found Ruenaf's Assorted Antiques.
  3384 | D:1      | Bought a scroll labelled LOIFAZXOHE for 31 gold pieces
  4272 | D:5      | Reached XP level 8. HP: 57/67 MP: 12/12
  4536 | D:4      | Bought a cloak for 117 gold pieces
  4756 | D:5      | Identified the +7 whip "Sirghaiti" {speed, rPois}
  4779 | D:5      | Noticed Menkaure
  4783 | D:5      | Killed Menkaure
  5643 | D:5      | Identified the +8 morningstar "Nizxecae" {vorpal, Will+
                  | Int+3}
  6313 | D:5      | HP: 2/67 [centaur/arrow (7)]
  6329 | D:5      | Reached XP level 9. HP: 26/73 MP: 14/14
  7014 | D:6      | Found a staircase to the Ecumenical Temple.
  7149 | Temple   | Entered the Ecumenical Temple
  7167 | Temple   | Became a worshipper of Dithmenos the Shadowed
  8521 | D:7      | Reached skill level 5 in Invocations
  9151 | D:7      | Noticed a hornet
  9175 | D:7      | Killed a hornet
  9817 | D:8      | Reached * piety under Dithmenos
  9976 | D:8      | Reached skill level 5 in Long Blades
  9976 | D:8      | Reached skill level 5 in Axes
  9976 | D:8      | Reached skill level 5 in Maces & Flails
  9976 | D:8      | Reached skill level 5 in Polearms
  9976 | D:8      | Reached skill level 5 in Staves
  9976 | D:8      | Reached skill level 5 in Ranged Weapons
  9976 | D:8      | Reached skill level 5 in Throwing
  9976 | D:8      | Reached skill level 5 in Armour
  9976 | D:8      | Reached skill level 5 in Shields
  9976 | D:8      | Reached skill level 5 in Unarmed Combat
  9976 | D:8      | Reached skill level 5 in Spellcasting
  9976 | D:8      | Reached skill level 5 in Evocations
  9976 | D:8      | Reached XP level 10. HP: 41/81 MP: 17/17
 10677 | D:8      | Identified the +9 long sword "Himuki" {drain, Int+4}
 10962 | D:8      | Reached skill level 11 in Stealth
 11645 | D:8      | Learned a level 2 spell: Static Discharge
 11649 | D:8      | Learned a level 3 spell: Dazzling Flash
 11653 | D:8      | Learned a level 3 spell: Swiftness
 12244 | D:9      | Found a staircase to the Lair.
 12350 | D:9      | Noticed a cyclops
 12398 | D:9      | Killed a cyclops
 12399 | D:9      | Reached skill level 5 in Conjurations
 12399 | D:9      | Reached skill level 5 in Hexes
 12399 | D:9      | Reached skill level 5 in Summonings
 12399 | D:9      | Reached skill level 5 in Necromancy
 12399 | D:9      | Reached skill level 5 in Translocations
 12399 | D:9      | Reached skill level 5 in Transmutations
 12399 | D:9      | Reached skill level 5 in Fire Magic
 12399 | D:9      | Reached skill level 5 in Ice Magic
 12399 | D:9      | Reached skill level 5 in Air Magic
 12399 | D:9      | Reached skill level 5 in Earth Magic
 12399 | D:9      | Reached skill level 5 in Poison Magic
 12399 | D:9      | Reached XP level 11. HP: 30/89 MP: 9/20
 12927 | D:9      | Reached ** piety under Dithmenos
 13273 | D:9      | Identified the +5 spear of Makhleb's Approval {freeze, Fly
                  | Dex-4 Stlth+}
 13557 | D:10     | Entered Level 10 of the Dungeon
 13691 | D:10     | Got the Papyrus of Variable Pestilence
 13814 | D:10     | Noticed a lich
 13814 | D:10     | Noticed burchardtist's ghost (novice TrFi)
 13816 | D:10     | Noticed a fire dragon
 13816 | D:10     | Noticed a necromancer
 14142 | D:10     | Found a shimmering blue altar of Sif Muna.
 14142 | D:10     | Noticed a two-headed ogre
 14163 | D:10     | Killed a two-headed ogre
 14220 | D:10     | Found a runed translucent door.
 14223 | D:10     | Found a runed translucent door.
 14522 | D:10     | Noticed a fire dragon
 14560 | D:11     | Found a staircase to the Orcish Mines.
 14580 | D:11     | Noticed Lodul
 14738 | D:11     | Killed Lodul
 14819 | D:11     | Noticed an eight-headed hydra
 14942 | D:11     | Noticed a four-headed hydra
 15245 | D:10     | Killed a five-headed hydra
 15318 | D:11     | Noticed a two-headed ogre
 15335 | D:11     | Noticed a cyclops
 15341 | D:10     | Mangled by a two-headed ogre

Illustrated notes

Levels and vault maps discovered:
D:1:      heliophobic_arrival_enchanted_forest, layout_basic, serial_shops,
          nicolae_shop_statue_plus
D:2:      layout_loops_ring, basic_altar, kennysheep_jessica_study
D:3:      layout_basic, nicolae_ecumenical_oubliette
D:4:      layout_basic, grunt_gozag_statues, serial_shops, kennysheep_mini_moat,
          guppyfry_shop_venom
D:5:      layout_cave_pods, grunt_temple_overflow_open, uniq_menkaure
D:6:      layout_loops_ring, minmay_temple_entry_water_ring
D:7:      layout_basic
D:8:      layout_rooms, water_boxes_lemuel
D:9:      layout_stronghold, dpeg_oklobed_lair, lightli_fourway_metalbox
D:10:     layout_stronghold, mainiacjoe_overflow_small_starburst,
          muffindrake_ghost_dual_entry
D:11:     kennysheep_seaside_town, layout_loops_ring, orc_0_dummy, st_stairs_14,
          statue_in_the_mist_lemuel, uniq_lodul
Temple:   kb_temple_of_zot

Skill      XL: |  1  2  3  4  5  6  7  8  9 10 11 |
---------------+----------------------------------+-----
Stealth        | 10 11 | 11.7
Long Blades    | 1 2 3 5 6 |  6.8
Axes           | 1 2 3 5 6 |  6.8
Maces & Flails | 1 2 3 5 6 |  6.8
Polearms       | 1 2 3 5 6 |  6.8
Staves         | 1 2 3 5 6 |  6.8
Ranged Weapons | 1 2 3 5 6 |  6.8
Throwing       | 1 2 3 5 6 |  6.8
Armour         | 1 2 3 5 6 |  6.8
Shields        | 1 2 3 5 6 |  6.8
Unarmed Combat | 1 2 3 5 6 |  6.8
Spellcasting   | 1 2 3 5 6 |  6.8
Invocations    | 1 2 3 4 5 6 7 |  7.5
Evocations     | 1 2 3 5 6 |  6.8
Conjurations   | 1 2 3 4 5 |  5.6
Hexes          | 1 2 3 4 5 |  5.6
Summonings     | 1 2 3 4 5 |  5.6
Necromancy     | 1 2 3 4 5 |  5.6
Translocations | 1 2 3 4 5 |  5.6
Transmutations | 1 2 3 4 5 |  5.6
Fire Magic     | 1 2 3 4 5 |  5.6
Ice Magic      | 1 2 3 4 5 |  5.6
Air Magic      | 1 2 3 4 5 |  5.6
Earth Magic    | 1 2 3 4 5 |  5.6
Poison Magic   | 1 2 3 4 5 |  5.6
Short Blades   | 5 6 7 8 |  8.3
Dodging        | 5 6 7 8 |  8.3
Fighting       | 7 8 9 |  9.5

Action                   |  1- 3 |  4- 6 |  7- 9 | 10-12 || total
-------------------------+-------+-------+-------+-------++-------
Melee: Short sword       |     8 |    52 |   278 |       ||   338
       Bite              |     1 |     3 |    65 |    27 ||    96
       Punch             |       |       |    16 |     9 ||    25
       Whip              |       |       |   252 |       ||   252
       Morningstar       |       |       |    38 |    14 ||    52
       Dagger            |       |       |       |    82 ||    82
       Long sword        |       |       |       |    81 ||    81
       Unarmed           |       |       |       |    21 ||    21
 Fire: Arbalest          |       |       |       |    69 ||    69
Throw: Dart              |       |       |     7 |       ||     7
       Javelin           |       |       |     7 |     4 ||    11
 Cast: Dazzling Flash    |       |       |       |    35 ||    35
       Static Discharge  |       |       |       |    12 ||    12
       Swiftness         |       |       |       |     1 ||     1
Evoke: Wand              |     5 |     9 |    15 |     9 ||    38
  Use: Scroll            |     2 |       |    13 |    10 ||    25
       Potion            |     1 |       |     4 |     3 ||     8
 Stab: Sleeping          |       |     5 |    35 |     2 ||    42
       Invisible         |       |       |       |    19 ||    19
       Distracted        |       |       |       |     1 ||     1
Armor: Leather armour    |     2 |     6 |    86 |    62 ||   156
       Skin              |       |       |       |    14 ||    14
Dodge: Dodged            |     7 |    28 |   377 |   194 ||   606
